 Dungeon Crawl Stone Soup version 0.25.1-9-gc5326a611f (webtiles) character file.

Game seed: 12935368835122354610

137 stebl the Ducker (level 5, -2/33 HPs)
             Began as an Octopode Transmuter on Dec 23, 2020.
             Killed from afar by an orc wizard (8 damage)
             ... with a magic dart
             ... on level 3 of the Dungeon.
             The game lasted 00:22:17 (4639 turns).

stebl the Ducker (Octopode Transmuter)              Turns: 4639, Time: 00:22:19

Health: -2/33      AC:  1    Str:  9    XL:     5   Next: 20%
Magic:  1/8        EV: 15    Int: 16    God:
Gold:   182        SH:  0    Dex: 13    Spells: 2/8 levels left

rFire    . . .     SeeInvis .     - Unarmed
rCold    . . .     Gourm    .   (no shield)
rNeg     . . .     Faith    .   (helmet restricted)
rPois    .         Spirit   .   (no amulet)
rElec    .         Reflect  .   (no ring)
rCorr    .         Harm     .   (no ring)
MR       .....                  (no ring)
Stlth    ++........             (no ring)
HPRegen  0.11/turn              (no ring)
MPRegen  0.11/turn              (no ring)
                                (no ring)
                                (no ring)

@: no status effects
A: almost no armour, stealthy swim, amphibious, 8 rings, constrict 8, camouflage
1, gelatinous body 1
a: no special abilities


You were on level 3 of the Dungeon.
You were very hungry.

You visited 1 branch of the dungeon, and saw 5 of its levels.

You collected 182 gold pieces.


Innate Abilities, Weirdness & Mutations

You cannot wear most types of armour.
You are very stealthy in the water. (Stealth+)
You are amphibious.
You can wear up to eight rings at the same time.
You can use your tentacles to constrict eight enemies at once.
Your skin changes colour to match your surroundings (Stealth+).
Your rubbery body absorbs attacks. (AC +1, EV +1)


   Skills:
 - Level 1.0 Fighting
 + Level 4.1 Dodging
 - Level 3.0 Unarmed Combat
 - Level 2.0 Spellcasting
 + Level 3.7 Transmutations


You had 2 spell levels left.
You knew the following spells:

 Your Spells              Type           Power        Failure   Level  Hunger
e - Beastly Appendage     Tmut           ##....       4%          1    #......
s - Spider Form           Tmut/Pois      #.........   28%         3    ###....
t - Sticks to Snakes      Tmut           ##......     7%          2    ###....

Your spell library contained the following spells:

 Spells                   Type           Power        Failure   Level  Hunger
 Ice Form                 Ice/Tmut       #.......     67%         4    #####..
 Blade Hands              Tmut           ##........   77%         5    ######.

Inventory:

Missiles
 a - 77 arrows
 h - 122 stones (quivered)
 k - 27 bolts
Wands
 f - a wand of polymorph (1)
Scrolls
 b - a scroll of enchant armour {unknown}
 i - a scroll of noise {unknown}
 l - a scroll of amnesia
 m - a scroll of immolation {unknown}
Potions
 d - a potion of cancellation {unknown}
 e - 2 potions of might
 g - a potion of mutation {unknown}
 j - a potion of heal wounds {@q2}
 n - a potion of curing {unknown}
Comestibles
 c - 7 rations {@e1}
 o - 2 chunks of flesh

Dungeon Overview and Level Annotations

Branches:
Dungeon (5/15)
 Temple: D:4-7

Altars:
Fedhas
Okawaru

.###.################
.......)...)..o....#
#####.############.#
........######...o.#
.......>{....#.#####
#####.#.####.#.#
##.#.#..#.#.######
####..#.#..#^#.o.S..#
......#.#..#.###@####
####..#.#..#.# #.#
..##..#.#..#.# #.#
#.##..#.#..#.# #.#
#.##.......#.# #.#
#.###.#.##.#.# #.#
#.# #.#.#....# #.#
#.# #.#.########.#
#.# #รท#.)........#


You could see an orc wizard (fast) and a friendly adder.


Message History

Your ball python dies!
The orc wizard hits your ball python with a +0 dagger.
Your ball python bites the orc wizard but does no damage.
Your ball python barely misses the orc wizard.
The orc wizard hits your ball python with a +0 dagger.
Your ball python dies!
The orc wizard gestures at you while chanting.
The magic dart hits you.
* * * LOW HITPOINT WARNING * * *
The orc wizard points at you and mumbles some strange words.
The magic dart hits you.
* * * LOW HITPOINT WARNING * * *
You closely miss the orc wizard. Your grab misses the orc wizard.
You squeeze the orc wizard.
The orc wizard is heavily wounded.
The orc wizard completely misses you.
Casting: Sticks to Snakes (safe; 7% risk of failure)
Confirm with . or Enter, or press ? or * to list all spells.
You create a snake!
You now have 77 arrows.
You are feeling very hungry.
The orc wizard hits you with a +0 dagger.
* * * LOW HITPOINT WARNING * * *
The orc wizard looks braver for a moment.
You tentacle-slap the orc wizard but do no damage.
You grab the orc wizard.
The orc wizard is heavily wounded.
You constrict the orc wizard. The orc wizard casts a spell at you.
The magic dart hits you!
You die...

Skill      XL: |  1  2  3  4 |
---------------+-------------+-----
Dodging        | 3 4 |  4.1
Transmutations | 3 |  3.7
Fighting       | |  1.0
Unarmed Combat | |  3.0
Spellcasting   | |  2.0

Action                   |  1- 3 |  4- 6 || total
-------------------------+-------+-------++-------
Melee: Unarmed           |   103 |    79 ||   182
       Constrict         |    26 |    21 ||    47
       Kick              |     9 |     8 ||    17
       Tentacles         |    13 |    12 ||    25
       Punch             |       |     1 ||     1
Throw: Stone             |    16 |    14 ||    30
 Cast: Beastly Appendage |    10 |     7 ||    17
       Sticks to Snakes  |     4 |    14 ||    18
  Use: Scroll            |       |     4 ||     4
 Stab: Sleeping          |     6 |     5 ||    11
  Eat: Chunk             |     5 |     7 ||    12
Armor: Skin              |    11 |     1 ||    12
Dodge: Dodged            |    79 |    49 ||   128

Levels and vault maps discovered:
D:1:      elethiomel_arrival_infinity_welcomes_careful_drivers, layout_rooms,
          wander_ebering_terrifying_dragon_lair
D:2:      layout_loops_ring, lemuel_doored_altar,
          chequers_ecumenical_altar_lobes, feat_on_display
D:3:      layout_basic, okawaru_altar_gauntlet_db, first_ration
D:4:      layout_basic, nicolae_qazlal_eye_of_the_storm,
          kennysheep_generic_room_16, uniq_ijyb, uniq_crazy_yiuf_cottage,
          uniq_blork_the_orc
D:5:      layout_cave_pods

Notes
Turn   | Place    | Note
-------+----------+-------------------------------------------
     0 | D:1      | stebl the Octopode Transmuter began the quest for the Orb.
     0 | D:1      | Reached XP level 1. HP: 13/13 MP: 3/3
   237 | D:1      | Reached XP level 2. HP: 18/18 MP: 3/5
   257 | D:1      | Learned a level 2 spell: Sticks to Snakes
   580 | D:1      | Reached skill level 3 in Dodging
   773 | D:1      | Reached XP level 3. HP: 22/23 MP: 6/6
  1089 | D:2      | Learned a level 3 spell: Spider Form
  1777 | D:2      | Found a faded altar of an unknown god.
  2140 | D:2      | Found a blossoming altar of Fedhas.
  2434 | D:3      | Reached skill level 3 in Transmutations
  2434 | D:3      | Reached XP level 4. HP: 28/28 MP: 7/7
  3274 | D:3      | Found an iron altar of Okawaru.
  4275 | D:4      | Noticed Ijyb
  4302 | D:4      | Killed Ijyb
  4302 | D:4      | Reached skill level 4 in Dodging
  4302 | D:4      | Reached XP level 5. HP: 33/33 MP: 5/8
  4446 | D:5      | Entered Level 5 of the Dungeon
  4639 | D:3      | Killed from afar by an orc wizard

Vanquished Creatures
  A gnoll (D:3)
  2 adders (D:4)
  A dart slug (D:1)
  3 leopard geckos
  3 orcs
  8 bats
  5 giant cockroaches
  6 goblins
  7 hobgoblins
  7 jackals
  4 quokkas
  9 frilled lizards
  10 kobolds
  A leopard gecko skeleton (D:4)
  A quokka skeleton (D:4)
  6 rats
74 creatures vanquished.

Vanquished Creatures (collateral kills)
  Ijyb (D:4)
  An adder (D:2)
  3 orcs
  A hobgoblin (D:3)
  A bat (D:2)
7 creatures vanquished.

Grand Total: 81 creatures vanquished

Table legend:
 A = Turns spent in this place as a percentage of turns spent in the entire game.
 B = Non-inter-level travel turns spent in this place as a percentage of non-inter-level travel turns spent in the entire game.
 C = Inter-level travel turns spent in this place as a percentage of turns spent in this place.
 D = Turns resting spent in this place as a percentage of non-inter-level travel turns spent in this place.
 E = Turns spent auto-exploring this place as a percentage of non-inter-level travel turns spent in this place.
 F = Non-inter-level travel turns spent in this place divided by the number of levels of this place that you've seen.
                   A       B       C       D       E      F
               +-------+-------+-------+-------+-------+----------------------
         Total | 100.0 | 100.0 |   3.2 |  20.8 |  53.5 | 898.0
       Dungeon | 100.0 | 100.0 |   3.2 |  20.8 |  53.5 | 898.0
               +-------+-------+-------+-------+-------+----------------------

Table legend:
 A = Non-vault XP
 B = Vault XP
 C = Vault XP percentage of total XP
 D = Non-vault monster count
 E = Vault monster count
 F = Vault count percentage of total count
                 A         B        C        D         E       F
            +---------+---------+-------+---------+---------+-------
      Total |     151 |      45 |  23.0 |      73 |       8 |   9.9
            +---------+---------+-------+---------+---------+-------
        D:1 |      36 |       3 |   7.7 |      20 |       1 |   4.8
        D:2 |      41 |       0 |   0.0 |      22 |       0 |   0.0
        D:3 |      34 |      24 |  41.4 |      22 |       6 |  21.4
        D:4 |      40 |      18 |  31.0 |       9 |       1 |  10.0
            +---------+---------+-------+---------+---------+-------
